 Dungeon Crawl Stone Soup version 0.23-a0-419-g0174fd80c1 (webtiles) character file.

2554 LostNumber the Caller (level 9, 0/68 HPs)
             Began as a Mummy Summoner on Nov 11, 2018.
             Was a Priest of Sif Muna.
             Slain by an unseen horror (3 damage)
             ... on level 8 of the Dungeon on Nov 12, 2018.
             The game lasted 00:28:58 (12666 turns).

LostNumber the Caller (Mummy Summoner)             Turns: 12666, Time: 00:28:59

Health: 0/68       AC:  2    Str: 15    XL:     9   Next: 31%
Magic:  25/28      EV: 12    Int: 18    God:    Sif Muna [***...]
Gold:   528        SH:  0    Dex: 12    Spells: 8/22 levels left

rFire    x . .     SeeInvis .   x - +0 trident
rCold    + . .     Gourm    .   (no shield)
rNeg     + + +     Faith    .   a - +0 robe
rPois    ∞         Spirit   .   (no helmet)
rElec    .         Reflect  .   (no cloak)
rCorr    .         Harm     .   (no gloves)
MR       +....                  (no boots)
Stlth    ++........             (no amulet)
HPRegen  0.21/turn              d - +4 ring of strength
MPRegen  0.21/turn              t - ring of magical power

@: divine energy
A: no food or potions, fire vulnerability, cold resistance 1, negative energy
resistance 3, torment resistance, unbreathing
a: Stop Divine Energy, Channel Magic, Renounce Religion


You were on level 8 of the Dungeon.
You worshipped Sif Muna.
Sif Muna was most pleased with you.
You were not hungry.

You visited 1 branch of the dungeon, and saw 8 of its levels.
You also visited: Ossuary.

You collected 528 gold pieces.

Inventory:

Hand Weapons
 b - a +0 short sword
 f - a +1 short sword of freezing
 h - a +0 spear
 p - a +1 short sword of speed
 x - a +0 trident (weapon)
Armour
 a - a +0 robe (worn)
 v - the +6 scale mail "Morat" {rN+++}
   (You found it on level 7 of the Dungeon)

   It renders you almost immune to negative energy.
Magical Staves
 r - an uncursed staff of fire
Jewellery
 d - a +4 ring of strength (left hand)
 k - a +6 amulet of reflection {unknown}
 t - a ring of magical power (right hand)
Wands
 s - a wand of scattershot (3)
 u - a wand of polymorph (4)
Scrolls
 c - 4 scrolls of enchant weapon
 e - 2 scrolls of magic mapping
 g - 9 scrolls of remove curse
 i - a scroll of blinking {unknown}
 j - 3 scrolls of teleportation
 l - 2 scrolls of random uselessness {unknown}
 m - 2 scrolls of fog
 n - 4 scrolls of amnesia
 o - 5 scrolls of enchant armour
 q - a scroll of fear {unknown}
 w - a scroll of silence {unknown}
 y - a scroll of noise {unknown}


   Skills:
 + Level 5.4 Fighting
 - Level 1.5 Dodging
 - Level 1.5 Stealth
 + Level 7.1 Spellcasting
 + Level 7.3 Summonings
 + Level 3.7 Ice Magic
 + Level 2.9 Air Magic


You had 8 spell levels left.
You knew the following spells:

 Your Spells              Type           Power        Failure   Level  Hunger
a - Summon Small Mammal   Summ           ####         1%          1    N/A
b - Call Imp              Summ           ####....     1%          2    N/A
c - Call Canine Familiar  Summ           ####....     1%          3    N/A
d - Summon Ice Beast      Ice/Summ       ####....     11%         4    N/A
e - Summon Lightning Spi  Summ/Air       ###.....     13%         4    N/A

Your spell library contained the following spells:

 Spells                   Type           Power        Failure   Level  Hunger
 Summon Guardian Golem    Hex/Summ       ###.....     7%          3    N/A
 Animate Skeleton         Necr           N/A          11%         1    N/A
 Apportation              Tloc           #.....       11%         1    N/A
 Confusing Touch          Hex            #.....       11%         1    N/A
 Flame Tongue             Conj/Fire      #....        11%         1    N/A
 Throw Flame              Conj/Fire      #.....       16%         2    N/A
 Conjure Flame            Conj/Fire      #.......     32%         3    N/A
 Inner Flame              Hex/Fire       #.......     32%         3    N/A
 Sticky Flame             Conj/Fire      #.......     71%         4    N/A
 Fireball                 Conj/Fire      #.........   96%         5    N/A

Dungeon Overview and Level Annotations

Branches:
Dungeon (8/15)             Temple (0/1) D:5
   Lair: D:8-11

Altars:
Sif Muna
The Shining One

Annotations:
D:3 2 transporters, Azzok's ghost, amateur GnFi


Innate Abilities, Weirdness & Mutations

You do not eat or drink.
Your flesh is vulnerable to fire.
You are immune to poison.
Your flesh is cold resistant. (rC+)
You are immune to negative energy. (rN+++)
You are immune to unholy pain and torment.
You can survive without breathing.


Message History

There is an open door here.
Something is blocking the doorway!
Something hits you.
You close the door.
You start resting.
Magic restored.
You start resting.
A centaur opens the door.
It is wielding a +0 trident.
You closely miss something.
The centaur shouts!
Something hits you. The centaur misses you. The centaur barely misses you.
Casting: Call Canine Familiar (safe; 1% risk of failure)
Confirm with . or Enter, or press ? or * to list all spells.
The centaur hits you from afar with a +0 trident!
* * * LOW HITPOINT WARNING * * *
Unknown command.
The centaur unwields a +0 trident.
The centaur wields a +0 shortbow.
The centaur shoots an arrow.
The arrow hits you!
* * * LOW HITPOINT WARNING * * *
Something hits you.
You die...

#.. .. ... .# #.
#.#########.# #.
#.....F...... . #.#
#.####### #.#
#........ #$# #####
#......##
#†###...###..._..##
#h@.'...'........#
#####c..###......##
#..%# ##.#..###
##### #...## #
#.###### #.......
#######. #. ######


You could see a centaur and a friendly wolf.

Vanquished Creatures
  Prince Ribbit (D:8)
  A centaur (D:5)
  A scorpion (D:7)
  2 jellies
  A hound (D:7)
  A centaur zombie (Ossuary)
  An orc wizard (D:5)
  3 iguanas
  3 worker ants
  A big kobold zombie (Ossuary)
  A mummy (Ossuary)
  A worker ant zombie (D:5)
  8 adders
  A shadow imp (D:5)
  An ooze (D:6)
  4 adder zombies
  A dart slug (D:1)
  A leopard gecko (D:5)
  7 orcs
  2 ball pythons
  6 giant cockroaches
  A gnoll zombie (Ossuary)
  7 goblins
  9 hobgoblins
  6 jackals
  5 kobolds
  2 quokkas
  13 bats
  2 frilled lizards
  3 goblin zombies (Ossuary)
  4 jackal zombies (Ossuary)
  3 kobold zombies (Ossuary)
  3 orc zombies (Ossuary)
  3 quokka zombies (Ossuary)
  14 rats
  2 rat zombies (Ossuary)
125 creatures vanquished.

Vanquished Creatures (collateral kills)
  2 hippogriffs
  Sigmund (D:3)
  A basilisk (D:7)
  A hungry ghost (D:6)
  Menkaure (D:6)
  3 orc warriors
  2 sky beasts
  A necrophage (D:8)
  A phantom (D:5)
  An ogre (D:6)
  2 centaurs
  An elf zombie (Ossuary)
  Blork the orc (D:6)
  2 bullfrogs (D:7)
  3 killer bees (D:8)
  3 scorpions (D:7)
  A jelly (D:6)
  2 crimson imps
  3 howler monkeys (D:7)
  A centaur zombie (Ossuary)
  A quasit (D:7)
  A hound (D:7)
  3 orc priests
  A bullfrog skeleton (D:5)
  5 orc wizards
  4 worker ants
  2 mummies (Ossuary)
  2 adders (D:2)
  An ooze (D:4)
  2 adder zombies (Ossuary)
  An adder skeleton (D:7)
  A worm (D:5)
  A dart slug (D:2)
  A leopard gecko (D:5)
  17 orcs
  A giant cockroach (D:6)
  A goblin (D:1)
  A hobgoblin (D:1)
  4 jackals
  2 kobolds (D:1)
  A quokka (D:5)
  A frilled lizard (D:1)
  A goblin zombie (Ossuary)
  2 hobgoblin zombies (Ossuary)
  A leopard gecko zombie (D:5)
  2 quokka zombies
  2 rat zombies (Ossuary)
95 creatures vanquished.

Grand Total: 220 creatures vanquished

Notes
Turn   | Place    | Note
-------+----------+-------------------------------------------
     0 | D:1      | LostNumber the Mummy Summoner began the quest for the Orb.
     0 | D:1      | Reached XP level 1. HP: 13/13 MP: 4/4
   514 | D:1      | Reached XP level 2. HP: 12/20 MP: 3/5
   537 | D:1      | Learned a level 2 spell: Call Imp
  1152 | D:1      | Reached skill level 1 in Fighting
  1280 | D:1      | Reached XP level 3. HP: 22/26 MP: 4/7
  2108 | D:2      | Reached XP level 4. HP: 26/32 MP: 9/9
  2487 | D:2      | Found a deep blue altar of Sif Muna.
  2490 | D:2      | Became a worshipper of Sif Muna the Loreminder
  3049 | D:3      | Found a transporter.
  3049 | D:3      | Noticed Azzok's ghost (amateur GnFi)
  3049 | D:3      | Noticed an ogre
  3049 | D:3      | Noticed an ogre
  3049 | D:3      | Noticed an ogre
  3053 | D:3      | Found a transporter.
  3698 | D:3      | Noticed Sigmund
  3719 | D:3      | Killed Sigmund
  3719 | D:3      | Reached XP level 5. HP: 19/39 MP: 5/11
  4669 | D:4      | Reached XP level 6. HP: 44/46 MP: 7/12
  4674 | D:4      | Learned a level 3 spell: Call Canine Familiar
  4679 | D:4      | Learned a level 4 spell: Summon Ice Beast
  4931 | D:4      | Noticed a hippogriff
  5007 | D:4      | Killed a hippogriff
  5007 | D:4      | Reached skill level 5 in Summonings
  5011 | D:4      | Reached * piety under Sif Muna
  5067 | D:4      | Reached skill level 1 in Ice Magic
  5472 | D:5      | Entered Level 5 of the Dungeon
  5588 | D:5      | Reached XP level 7. HP: 35/52 MP: 10/14
  5598 | D:5      | Reached skill level 5 in Spellcasting
  5726 | D:5      | Found a staircase to the Ecumenical Temple.
  6045 | D:5      | Found a sand-covered staircase.
  6076 | Ossuary  | Entered an ossuary
  6385 | Ossuary  | Reached ** piety under Sif Muna
  7161 | D:5      | Learned a level 4 spell: Summon Lightning Spire
  8281 | D:6      | Noticed Blork the orc
  8285 | D:6      | Killed Blork the orc
  8898 | D:6      | Reached skill level 1 in Air Magic
  8898 | D:6      | Reached XP level 8. HP: 36/60 MP: 3/16
  9411 | D:6      | Noticed Menkaure
  9419 | D:6      | Killed Menkaure
 10198 | D:6      | Upgraded the game from 0.23-a0-417-gf02c810438 to
                  | 0.23-a0-419-g0174fd80c1
 10223 | D:7      | Noticed a hippogriff
 10232 | D:7      | Killed a hippogriff
 10509 | D:7      | Got a slimy scale mail
 10510 | D:7      | Identified the +6 scale mail "Morat" {rN+++} (You found it
                  | on level 7 of the Dungeon)
 10970 | D:7      | Reached skill level 5 in Fighting
 10974 | D:7      | Reached *** piety under Sif Muna
 10974 | D:7      | Reached XP level 9. HP: 31/68 MP: 17/19
 12136 | D:8      | Found a glowing golden altar of the Shining One.
 12472 | D:8      | Noticed Prince Ribbit
 12500 | D:8      | Killed Prince Ribbit
 12666 | D:8      | HP: 3/68 [centaur/arrow (7)]
 12666 | D:8      | Slain by an unseen horror

Vault maps used:
D:1:      dpeg_arrival_three_same_balls
D:2:      minmay_wonky_spiral, lemuel_blue_sif_altar, first_ration,
          wad_floor_pattern_untrapped
D:3:      gammafunk_ghost_smash, lightli_corner_chamber, uniq_sigmund
D:4:      kennysheep_another_room
D:5:      minmay_temple_entry_steel_oval, nicolae_ossuary_entry_ruins,
          nrook_uturn
D:6:      uniq_blork_the_orc, uniq_menkaure
D:8:      basic_altar, uniq_prince_ribbit1
Ossuary:  minmay_ossuary_two_tombs

Skill      XL: |  1  2  3  4  5  6  7  8  9 |
---------------+----------------------------+-----
Spellcasting   | 3 4 5 6 7 |  7.1
Fighting       | 1 2 3 4 5 |  5.4
Summonings     | 4 5 6 7 |  7.3
Ice Magic      | 1 2 3 |  3.7
Air Magic      | 1 2 |  2.9
Dodging        | |  1.5
Stealth        | |  1.5

Action                   |  1- 3 |  4- 6 |  7- 9 || total
-------------------------+-------+-------+-------++-------
Melee: Unarmed           |    12 |       |       ||    12
       Short sword       |    96 |   168 |   321 ||   585
       Trident           |       |       |    34 ||    34
 Cast: Summon Small Mamm |     6 |       |       ||     6
       Call Imp          |    10 |    33 |    11 ||    54
       Call Canine Famil |       |    11 |    42 ||    53
       Summon Ice Beast  |       |       |    33 ||    33
       Summon Lightning  |       |       |     3 ||     3
Invok: Divine Energy     |       |     1 |       ||     1
  Use: Scroll            |       |       |     8 ||     8
 Stab: Sleeping          |     6 |     5 |     1 ||    12
       Distracted        |       |     1 |     5 ||     6
Armor: Robe              |    28 |    36 |    42 ||   106
Dodge: Dodged            |    73 |   104 |   215 ||   392

Table legend:
 A = Non-vault XP
 B = Vault XP
 C = Vault XP percentage of total XP
 D = Non-vault monster count
 E = Vault monster count
 F = Vault count percentage of total count
                 A         B        C        D         E       F
            +---------+---------+-------+---------+---------+-------
      Total |    2952 |     697 |  19.1 |     175 |      45 |  20.5
            +---------+---------+-------+---------+---------+-------
        D:1 |      42 |       0 |   0.0 |      28 |       0 |   0.0
        D:2 |      83 |      15 |  15.3 |      24 |       4 |  14.3
        D:3 |      91 |     106 |  53.8 |      24 |       1 |   4.0
        D:4 |     316 |       0 |   0.0 |      13 |       0 |   0.0
        D:5 |     423 |       0 |   0.0 |      23 |       0 |   0.0
        D:6 |     555 |     162 |  22.6 |      16 |       2 |  11.1
        D:7 |    1092 |       0 |   0.0 |      34 |       0 |   0.0
        D:8 |     350 |     184 |  34.5 |      13 |       1 |   7.1
    Ossuary |       0 |     230 | 100.0 |       0 |      37 | 100.0
            +---------+---------+-------+---------+---------+-------
